 Dungeon Crawl Stone Soup version 0.29.1-1-gd02db6906a (webtiles) character file.

Game seed: 14585649370426064425

420 CertainDeath the Ruffian (level 6, -8/52 HPs)
             Began as a Ghoul Gladiator on Sept 27, 2022.
             Mangled by an orc priest
             ... wielding a +1 hand axe of electrocution
              (17 damage)
             ... on level 4 of the Dungeon.
             The game lasted 00:09:06 (3153 turns).

CertainDeath the Ruffian (Ghoul Gladiator)          Turns: 3153, Time: 00:09:07

Health: -8/52      AC: 10    Str: 20    XL:     6   Next: 94%
Magic:  0/14       EV:  8    Int:  3    God:
Gold:   49         SH:  0    Dex: 10    Spells: 5/5 levels left

rFire   . . .      SeeInvis .     - Unarmed
rCold   + . .      Faith    .   (no shield)
rNeg    + + +      Spirit   +   o - +0 chain mail
rPois   ∞          Reflect  .   b - +0 helmet
rElec   .          Harm     .   (no cloak)
rCorr   .          Rampage  .   (no gloves)
Will    .....                   (no boots)
Stlth   ..........              k - amulet of guardian spirit
HPRegen 0.00/turn               f - ring of magical power
MPRegen 0.14/turn               (no ring)

@: inhibited regen
A: claws 1, cold resistance 1, negative energy resistance 3, inhibited
regeneration, torment resistance 2, devour on kill
a: no special abilities


You were on level 4 of the Dungeon.
You visited 1 branch of the dungeon, and saw 4 of its levels.

You collected 49 gold pieces.

Inventory:

Missiles
 c - 2 throwing nets (quivered)
 d - a javelin
 h - 3 poisoned darts
 l - 4 atropa-tipped darts
 n - a boomerang
Armour
 b - a +0 helmet (worn)
 o - a +0 chain mail (worn)
Jewellery
 f - a ring of magical power (left claw)
 k - an amulet of guardian spirit (around neck)
Scrolls
 a - 2 scrolls of blinking
 e - 3 scrolls of teleportation
Potions
 g - a potion of attraction
 j - 2 potions of magic
 m - a potion of curing
 p - a potion of haste {unknown}
 q - a potion of invisibility {unknown}
 r - a potion of mutation {unknown}


   Skills:
 + Level 4.3 Fighting
 - Level 1.7 Throwing
 - Level 2.6 Armour
 - Level 2.6 Dodging
 * Level 6.4 Unarmed Combat


You had 5 spell levels left.
You didn't know any spells.
Your spell library was empty.

Dungeon Overview and Level Annotations

Branches:
Dungeon (4/15)
 Temple: D:4-7

Altars:
Makhleb

Shops:
D:3 [


Innate Abilities, Weirdness & Mutations

You are immune to poison.
You have sharp fingernails.
Your flesh is cold resistant. (rC+)
You are immune to negative energy. (rN+++)
You do not regenerate when monsters are visible.
You are immune to unholy pain and torment.
You thrive by killing the living.


Message History

The orc priest mumbles some strange prayers to Beogh against you.
Beogh smites you! The orc hits you with a +0 dagger.
* * * LOW HITPOINT WARNING * * *
The orc priest invokes the aid of Beogh against you.
Beogh smites you!
* * * LOW HITPOINT WARNING * * *
You feel much better. Edmund barely misses you.
The orc hits you but does no damage.
Things that are here:
a +0 spear; a +0 club Throw: 3 throwing nets
Press: ? - help, Q - select action, (/) - cycle Shift-Dir - straight line, f/p - Edmund
Aim: Edmund, wielding a +3 vorpal flail and wearing a +0 leather armour (severely wounded, 57% to hit)
You throw a throwing net. The throwing net hits Edmund.
Edmund is caught in the net!
Edmund is severely wounded.
You catch the helpless Edmund completely off-guard!
You scratch Edmund.
Edmund is almost dead.
Edmund struggles against the net.
You claw Edmund!
You kill Edmund!
Training target 2.6 for Armour reached!
Your Unarmed Combat skill increases to level 6!
You completely miss the orc priest. The orc priest closely misses you.
You claw the orc priest!
The orc priest is heavily wounded.
The orc priest calls down the wrath of Beogh upon you.
Beogh smites you!
You scratch the orc priest but do no damage.
Your claw misses the orc priest.
The orc priest is heavily wounded.
The orc priest hits you with a +1 hand axe of electrocution.
* * * LOW HITPOINT WARNING * * *
You closely miss the orc priest.
The orc priest is heavily wounded.
The orc priest hits you with a +1 hand axe of electrocution.
* * * LOW HITPOINT WARNING * * *
You are electrocuted!!
You die...

#.#### #.# #.# ##+# #.#
##...# #.# #.....# #.##
.......## #..##
........####...########
........)@oo[..........
........###)...###.####
.......## #...##
#.....# #....# ##...#
#.##.# ##+# #.. ... ###
.### .#


You could see an orc priest and an orc.

Vanquished Creatures
  Edmund (D:4)
  2 orc priests (D:4)
  3 iron imps (D:3)
  An orc wizard (D:4)
  2 adders
  7 gnolls
  5 orcs
  6 endoplasms
  2 giant cockroaches
  7 goblins
  6 jackals (D:2)
  2 quokkas
  6 ball pythons
  5 bats
  A frilled lizard (D:2)
  6 rats
62 creatures vanquished.

Vanquished Creatures (others)
  46 plants (D:2)
46 creatures vanquished.

Grand Total: 108 creatures vanquished

Notes
Turn   | Place    | Note
-------+----------+-------------------------------------------
     0 | D:1      | CertainDeath the Ghoul Gladiator began the quest for the
                  | Orb.
     0 | D:1      | Reached XP level 1. HP: 17/17 MP: 0/0
   213 | D:1      | Found a faded altar of an unknown god.
   315 | D:1      | Reached XP level 2. HP: 25/25 MP: 1/1
  1187 | D:2      | Reached skill level 1 in Armour
  1187 | D:2      | Reached skill level 4 in Unarmed Combat
  1187 | D:2      | Reached XP level 3. HP: 28/30 MP: 2/2
  1492 | D:2      | You fall into a shaft and drop 1 floor!
  1557 | D:3      | Reached XP level 4. HP: 37/37 MP: 3/3
  1822 | D:4      | Reached XP level 5. HP: 40/45 MP: 4/4
  1825 | D:4      | Reached skill level 5 in Unarmed Combat
  1989 | D:3      | Found Xopostuy's Armour Shop.
  2069 | D:3      | Found a burning altar of Makhleb.
  2097 | D:3      | Reached XP level 6. HP: 30/52 MP: 5/5
  3116 | D:4      | Noticed Edmund
  3149 | D:4      | Killed Edmund
  3150 | D:4      | Reached skill level 6 in Unarmed Combat
  3153 | D:4      | Mangled by an orc priest

Illustrated notes

Levels and vault maps discovered:
D:1:      lightli_arrival_windingriver, layout_loops_corners,
          hellmonk_ecumenical_altar_inner_sanctum
D:2:      cheibrodos_helix_gallery, layout_loops_ring, serial_bayou,
          serial_bayou_pond_c, serial_bayou_shore_b, serial_bayou_lagoon_a,
          serial_bayou_pond_a
D:3:      layout_basic, demons_altar, serial_shops, nicolae_shop_waterfront,
          minmay_misc_feat_four_crosses
D:4:      layout_loops_corners, serial_shops, shop_statue, uniq_edmund

Skill      XL: |  1  2  3  4  5  6 |
---------------+-------------------+-----
Armour         | 1 2 |  2.6
Unarmed Combat | 4 5 6 |  6.4
Fighting       | 3 4 |  4.3
Throwing       | |  1.7
Dodging        | |  2.6

Action                   |  1- 3 |  4- 6 || total
-------------------------+-------+-------++-------
Melee: Unarmed           |    90 |   148 ||   238
       Punch             |     2 |     5 ||     7
Throw: Throwing net      |       |     2 ||     2
  Use: Scroll            |     6 |     4 ||    10
       Potion            |       |     1 ||     1
 Stab: Held in net/web   |       |     2 ||     2
Armor: Leather armour    |    11 |       ||    11
       Scale mail        |    14 |    14 ||    28
       Chain mail        |       |    38 ||    38
Dodge: Dodged            |    53 |    56 ||   109
